 Dungeon Crawl Stone Soup version 0.17.1-1-g73c8601 (webtiles) character file.

31 Implojin the Chopper (level 3, -1/46 HPs)
             Began as a Minotaur Berserker on Apr 8, 2016.
             Was a Follower of Trog.
             Slain by a centaur (5 damage)
             ... on level 7 of the Dungeon.
             The game lasted 00:01:39 (228 turns).

Implojin the Chopper (Minotaur Berserker)            Turns: 228, Time: 00:01:40

Health: -1/46      AC:  5    Str: 26    XL:     3   Next: 7%
Magic:  2/2        EV: 12    Int:  4    God:    Trog [*.....]
Gold:   23         SH:  0    Dex: 14    Spells: 0 memorised, 2 levels left

rFire  + . .     SeeInvis .     a - +0 hand axe
rCold  . . .     Clarity  .     f - +0 ring mail
rNeg   . . .     SustAt   .     (no shield)
rPois  .         Gourm    .     (helmet restricted)
rElec  +         Spirit   .     (no cloak)
rCorr  .         Warding  .     (no gloves)
rMut   .         Stasis   .     (no boots)
MR     .....                    (no amulet)
Stlth  ..........               (no ring)
                                i - ring "Wuur" {rElec rF+ Dex+4 Stlth+}

@: berserking, very quick, not resistant to hostile enchantments, extremely
unstealthy
A: retaliatory headbutt, horns 2
a: Berserk, Burn Spellbooks, Renounce Religion


You were on level 7 of the Dungeon.
You worshipped Trog.
Trog was aware of your devotion.
You were not hungry.

You visited 1 branch of the dungeon, and saw 7 of its levels.

You collected 23 gold pieces.

Inventory:

Hand Weapons
 a - a +0 hand axe (weapon)
Missiles
 g - 4 poisoned tomahawks (quivered)
Armour
 b - a +0 animal skin
 f - a +0 ring mail (worn)
Jewellery
 i - the ring "Wuur" (left hand) {rElec rF+ Dex+4 Stlth+}
   (You found it on level 5 of the Dungeon)

   [ring of dexterity]

   It affects your dexterity (+4).
   It protects you from fire.
   It insulates you from electricity.
   It makes you more stealthy.
Scrolls
 d - a scroll of teleportation {unknown}
 e - a scroll of enchant armour {unknown}
Potions
 k - 2 potions of flight {unknown}
Comestibles
 c - a bread ration
 h - 2 slices of pizza
 j - a beef jerky


   Skills:
 - Level 3.6 Fighting
 * Level 5.1 Axes
 - Level 2.4 Armour
 - Level 2.1 Dodging


You had 2 spell levels left.
You didn't know any spells.

Dungeon Overview and Level Annotations

Branches:
Dungeon (7/15)
 Temple: D:4-7

Altars:


Innate Abilities, Weirdness & Mutations

You reflexively headbutt those who attack you in melee.
You have a pair of horns on your head.


Message History

The centaur unwields an uncursed shortbow.
The centaur closely misses you. You furiously retaliate!
You headbutt the centaur, but do no damage.
There is a stone staircase leading down here.
Unknown command.
The centaur hits you. x2
* * * LOW HITPOINT WARNING * * *
The orc wizard looks braver for a moment.
You climb downwards.
Found a buckler.
There is a stone staircase leading up here.
Unknown command.
Unknown command.
You hit the centaur.
The centaur is moderately wounded.
The centaur closely misses you.
You hit the centaur. Your headbutt misses the centaur.
The centaur is heavily wounded.
The centaur hits you.
* * * LOW HITPOINT WARNING * * *
The centaur hits you but does no damage.
You closely miss the centaur.
The centaur is heavily wounded.
The centaur hits you but does no damage.
You barely miss the centaur.
The centaur is heavily wounded.
The centaur closely misses you. The centaur hits you!
* * * LOW HITPOINT WARNING * * *
You hit the centaur but do no damage. You headbutt the centaur.
The centaur is heavily wounded.
The centaur closely misses you.
The centaur hits you but does no damage.
You closely miss the centaur. You headbutt the centaur!
The centaur is almost dead.
The centaur hits you.
* * * LOW HITPOINT WARNING * * *
A red film seems to cover your vision as you go berserk!
You feel yourself moving faster!
You feel mighty!
You feel somewhat more hungry. The centaur hits you.
You die...

.## ..
..
###.
#...##
....#
#[.##
#@.#
#c..#
##..#
....
#....
..##..
.## .
.#


You could see a centaur.

Vanquished Creatures
  2 adders
  2 giant geckos (D:3)
  A giant cockroach (D:1)
  A goblin (D:3)
  A hobgoblin (D:3)
  2 bats (D:1)
  2 giant newts (D:2)
  2 rats (D:3)
13 creatures vanquished.

Vanquished Creatures (others)
  An orc (D:6)
1 creature vanquished.

Grand Total: 14 creatures vanquished

Notes
Turn   | Place    | Note
--------------------------------------------------------------
     0 | D:1      | Implojin the Minotaur Berserker began the quest for the Orb.
     0 | D:1      | Reached XP level 1. HP: 19/19 MP: 0/0
    77 | D:2      | Reached skill level 4 in Axes
   112 | D:3      | Reached XP level 2. HP: 26/26 MP: 1/1
   162 | D:5      | Entered Level 5 of the Dungeon
   167 | D:5      | Got a fine tin ring
   168 | D:5      | Identified the ring "Wuur" {rElec rF+ Dex+4 Stlth+} (You found it on level 5 of the Dungeon)
   196 | D:5      | Reached skill level 5 in Axes
   196 | D:5      | Reached XP level 3. HP: 26/31 MP: 2/2
   206 | D:6      | Noticed an orc warrior
   214 | D:6      | Noticed a centaur
   228 | D:7      | Slain by a centaur

Action                   || total
-------------------------++-------
Melee: Hand axe          ||    29
Invok: Berserk           ||     1

Table legend:
 A = Turns spent in this place as a percentage of turns spent in the entire game.
 B = Non-inter-level travel turns spent in this place as a percentage of non-inter-level travel turns spent in the entire game.
 C = Inter-level travel turns spent in this place as a percentage of turns spent in this place.
 D = Turns resting spent in this place as a percentage of non-inter-level travel turns spent in this place.
 E = Turns spent auto-exploring this place as a percentage of non-inter-level travel turns spent in this place.
 F = Non-inter-level travel turns spent in this place divided by the number of levels of this place that you've seen.
                   A       B       C       D       E      F
               +-------+-------+-------+-------+-------+----------------------
         Total | 100.0 | 100.0 |   0.0 |   0.0 |   0.0 |  31.3
       Dungeon | 100.0 | 100.0 |   0.0 |   0.0 |   0.0 |  31.3
               +-------+-------+-------+-------+-------+----------------------

Table legend:
 A = Kills in this place as a percentage of kills in entire the game.
 B = Kills by you in this place as a percentage of kills by you in the entire game.
 C = Kills by friends in this place as a percentage of kills by friends in the entire game.
 D = Other kills in this place as a percentage of other kills in the entire game.
 E = Experience gained in this place as a percentage of experience gained in the entire game.
 F = Experience gained in this place divided by the number of levels of this place that you have seen.
                   A       B       C       D       E      F
               +-------+-------+-------+-------+-------+----------------------
         Total | 100.0 | 100.0 |  -nan |  -nan | 100.0 |   6.4
       Dungeon | 100.0 | 100.0 |  -nan |  -nan | 100.0 |   6.4
               +-------+-------+-------+-------+-------+----------------------
